 Dungeon Crawl Stone Soup version 0.29-a0-384-g6960b1960d (webtiles) character file.

Game seed: 17754466525376666820

1683 spaghetti the Charlatan (level 9, -4/66 HPs)
             Began as a Gnoll Artificer on May 7, 2022.
             Was an Initiate of Cheibriados.
             Killed from afar by an acid dragon (22 damage)
             ... with a splash of acid
             ... on level 8 of the Dungeon.
             The game lasted 00:14:52 (7987 turns).

spaghetti the Charlatan (Gnoll Artificer)           Turns: 7987, Time: 00:14:53

Health: -4/66      AC: 10    Str: 12    XL:     9   Next: 2%
Magic:  12/14      EV: 13    Int: 15    God:    Cheibriados [......]
Gold:   293        SH:  0    Dex: 15    Spells: 15/15 levels left

rFire   . . .      SeeInvis .   m - +2 flail (venom) {mace}
rCold   . . .      Faith    .   (no shield)
rNeg    . . .      Spirit   .   b - +0 leather armour
rPois   .          Reflect  .   t - +0 helmet
rElec   .          Harm     .   (no cloak)
rCorr   .          Rampage  .   v - +0 pair of gloves
Will    .....                   (no boots)
Stlth   +++.......              (no amulet)
HPRegen 0.21/turn               z - +4 ring of protection
MPRegen 0.14/turn               (no ring)

@: very slow
A: fangs 1, strong nose, distributed training
a: Renounce Religion


You were on level 8 of the Dungeon.
You worshipped Cheibriados.
Cheibriados was noncommittal.
You visited 2 branches of the dungeon, and saw 9 of its levels.

You collected 293 gold pieces.


Innate Abilities, Weirdness & Mutations

You have very sharp teeth.
Your uncanny sense of smell can sniff out nearby items.
Your experience applies equally to all skills.


   Skills:
 + Level 4.6 Fighting
 + Level 3.8 Short Blades
 + Level 3.8 Long Blades
 + Level 3.8 Axes
 + Level 3.8 Maces & Flails
 + Level 3.8 Polearms
 + Level 3.8 Staves
 + Level 3.8 Slings
 + Level 3.8 Bows
 + Level 3.8 Crossbows
 + Level 3.8 Throwing
 + Level 6.0 Armour
 + Level 4.6 Dodging
 + Level 4.5 Stealth
 + Level 3.8 Shields
 + Level 3.8 Unarmed Combat
 + Level 3.8 Spellcasting
 + Level 3.1 Conjurations
 + Level 3.1 Hexes
 + Level 3.1 Summonings
 + Level 3.1 Necromancy
 + Level 3.1 Translocations
 + Level 3.1 Transmutations
 + Level 3.1 Fire Magic
 + Level 3.1 Ice Magic
 + Level 3.1 Air Magic
 + Level 3.1 Earth Magic
 + Level 3.1 Poison Magic
 + Level 4.1 Invocations
 + Level 7.6 Evocations


You had 15 spell levels left.
You didn't know any spells.
Your spell library contained the following spells:

 Spells                   Type           Power      Damage    Failure   Level
 Beastly Appendage        Tmut           24%        N/A       6%          1
 Wereblood                Tmut           12%        N/A       10%         2
 Dazzling Flash           Conj/Hex       24%        N/A       19%         3
 Spider Form              Tmut/Pois      12%        N/A       19%         3
 Animate Dead             Necr           6%         N/A       54%         4
 Agony                    Necr           12%        N/A       87%         5
 Borgnjor's Vile Clutch   Necr/Erth      6%         N/A       87%         5
 Silence                  Hex/Air        6%         N/A       87%         5
 Death Channel            Necr           6%         N/A       100%        6

Inventory:

Hand Weapons
 a - a +0 club {mace}
 c - the +5 spear of Qazlal's Indignation {vorpal, rPois, polearm}
   (You found it on level 5 of the Dungeon)

   It inflicts extra damage upon your enemies.
   rPois:     It protects you from poison.
 m - a +2 flail of venom (weapon) {mace}
   (You took it off an orc on level 4 of the Dungeon)
Missiles
 h - 187 stones (quivered) {throwing}
 k - 2 poisoned darts {throwing}
 r - 4 javelins {throwing}
 B - 5 datura-tipped darts {forbiddenthrowing}
 C - 5 curare-tipped darts {=fthrowing}
Armour
 b - a +0 leather armour (worn)
 t - a +0 helmet (worn)
   (You found it on level 4 of the Dungeon)
 v - a +0 pair of gloves (worn)
   (You found it on level 4 of the Dungeon)
Jewellery
 z - a +4 ring of protection (left hand)
   (You found it on level 5 of the Dungeon)
Wands
 d - a wand of charming (13)
 e - a wand of iceblast (16)
 A - a wand of digging (6)
   (You found it on level 6 of the Dungeon)
Scrolls
 f - 9 scrolls of identify {unknown}
 g - 2 scrolls of immolation {unknown}
 o - a scroll of amnesia {unknown}
 q - 2 scrolls of magic mapping {unknown}
 s - a scroll of poison {unknown}
 u - 2 scrolls of teleportation {unknown}
 y - a scroll of fear {unknown}
Potions
 i - 2 potions of brilliance
 j - 5 potions of lignification {!q}
 l - 2 potions of cancellation
 n - a potion of invisibility
 p - 2 potions of mutation {unknown}
 w - 2 potions of heal wounds {unknown}
 x - a potion of might {unknown}

Dungeon Overview and Level Annotations

Branches:
Dungeon (8/15)             Temple (1/1) D:5
   Lair: D:8-11

Altars:
Ashenzari
Cheibriados
Dithmenos
Fedhas
Hepliaklqana
Kikubaaqudgha
Makhleb
Qazlal
Sif Muna
Uskayaw
Vehumet
Wu Jian
Xom
Yredelemnul

Shops:
D:6 [ D:7

(
#......#...
#......>..
#.......D
.!.....#
......#
.....#
#)...# #<# ∆
#@#
.......)...#
.!....#.####
........#
...?. .##
....... ....
.. .......


You could see an acid dragon (catching breath).


Message History

You kill the kobold!
Cheibriados appreciates the change of pace.
The kobold unwields a +0 short sword.
The kobold wields a +0 hand crossbow.
The kobold shoots a bolt.
The bolt hits you but does no damage.
The kobold unwields a +0 hand crossbow.
The kobold wields a +0 short sword.
The kobold misses you.
Items here: (( ))))) †††. 😨 HP[+1]
You hit the kobold.
You kill the kobold!
Cheibriados appreciates the change of pace.
You start resting. 😎 HP[+38]
Your hp is fully restored (61).
There is a stone staircase leading up, spattered with blood here.
You climb upwards.
The gnoll closely misses you.
The gnoll sergeant hits you from afar with a +5 antimagic spear.
You feel your power leaking away.
There is a stone staircase leading down here. 😕 HP[-2] MP[-1]
You take 2 damage, and now have 59/61 hp.
You lost 1 mp, and now have 12/13 mp.
Unknown command.
Unknown command.
The gnoll hits you from afar with a +0 halberd.
The gnoll sergeant hits you from afar with a +5 antimagic spear.
You feel your power leaking away. 😕 HP[-3] MP[-1]
You take 3 damage, and now have 56/61 hp.
You lost 1 mp, and now have 11/13 mp.
Unknown command.
The gnoll closely misses you. The troll misses you. The troll claws you!
The troll misses you.
The gnoll sergeant hits you from afar with a +5 antimagic spear.
You feel your power leaking away.
You climb downwards.
There is a stone staircase leading up, spattered with blood here. 😮 HP[-12] MP[-1]
You take 12 damage, and now have 44/61 hp.
You lost 1 mp, and now have 10/13 mp.
Unknown command.
Unknown command.
Unknown command.
You barely miss the troll. Your bite misses the troll. The troll bites you.
The troll misses you. The troll claws you! 😮 HP[-10]
You take 10 damage, and now have 34/61 hp.
You thump the troll!
The troll is poisoned.
You bite the troll. The troll misses you. The troll barely misses you.
The troll misses you. 😮 HP[+1]
You sock the troll!
The troll looks as sick as possible!
Your bite misses the troll. The troll bites you.
The troll closely misses you. x2 😮 HP[-4]
You take 4 damage, and now have 31/61 hp.
You closely miss the troll. You bite the troll, but do no damage.
The troll barely misses you. The troll claws you but does no damage.
The troll barely misses you. 😮 MP[+1]
You hit the troll.
The troll looks as sick as possible!
The troll completely misses you. The troll claws you.
* * * LOW HITPOINT WARNING * * *
The troll claws you but does no damage. The troll bites you!
* * * LOW HITPOINT WARNING * * *
The troll misses you.
The troll claws you but does no damage. 😱 HP[-16]
You take 16 damage, and now have 15/61 hp.
MASSIVE DAMAGE!! (PAUSE)
Aiming: Iceblast
Press: ? - help, Shift-Dir - straight line The mass of ice explodes!
The iceblast engulfs the troll!
You kill the troll!
Cheibriados appreciates the change of pace.
You hear a roar!
You hear a shout! x2; You hear an angry hiss.
Your Armour skill increases to level 6!
Your Conjurations skill increases to level 3!
Your Hexes skill increases to level 3!
Your Summonings skill increases to level 3!
Your Necromancy skill increases to level 3!
Your Translocations skill increases to level 3!
Your Transmutations skill increases to level 3!
Your Fire Magic skill increases to level 3!
Your Ice Magic skill increases to level 3!
Your Air Magic skill increases to level 3!
Your Earth Magic skill increases to level 3!
Your Poison Magic skill increases to level 3!
Your Invocations skill increases to level 4!
You have reached level 9!
Your experience leads to an increase in your attributes!
Your base attributes are Str 11, Int 12, Dex 14.
Increase (S)trength, (I)ntelligence, or (D)exterity?
You feel clever. x2 😨 HP[+2]
You now have 66 max hp (+5).
You regained 2 hp, and now have 17/66 hp.
You start resting.
An acid dragon comes into view.
Okay, then.
The acid dragon spits acid at you. The splash of acid hits you!!
You die...

Skill      XL: |  1  2  3  4  5  6  7  8 |
---------------+-------------------------+-----
Invocations    | 1 2 3 4 |  4.1
Short Blades   | 1 2 3 |  3.8
Long Blades    | 1 2 3 |  3.8
Axes           | 1 2 3 |  3.8
Maces & Flails | 1 2 3 |  3.8
Polearms       | 1 2 3 |  3.8
Staves         | 1 2 3 |  3.8
Slings         | 1 2 3 |  3.8
Bows           | 1 2 3 |  3.8
Crossbows      | 1 2 3 |  3.8
Throwing       | 1 2 3 |  3.8
Shields        | 1 2 3 |  3.8
Unarmed Combat | 1 2 3 |  3.8
Spellcasting   | 1 2 3 |  3.8
Conjurations   | 1 2 3 |  3.1
Hexes          | 1 2 3 |  3.1
Summonings     | 1 2 3 |  3.1
Necromancy     | 1 2 3 |  3.1
Translocations | 1 2 3 |  3.1
Transmutations | 1 2 3 |  3.1
Fire Magic     | 1 2 3 |  3.1
Ice Magic      | 1 2 3 |  3.1
Air Magic      | 1 2 3 |  3.1
Earth Magic    | 1 2 3 |  3.1
Poison Magic   | 1 2 3 |  3.1
Fighting       | 3 4 |  4.6
Dodging        | 3 4 |  4.6
Stealth        | 3 4 |  4.5
Armour         | 5 6 |  6.0
Evocations     | 7 |  7.6

Action                   |  1- 3 |  4- 6 |  7- 9 || total
-------------------------+-------+-------+-------++-------
Melee: Club              |   213 |   109 |       ||   322
       Punch             |     1 |     1 |     3 ||     5
       Bite              |    20 |    12 |    19 ||    51
       Flail             |       |    12 |    94 ||   106
Throw: Stone             |    38 |    27 |    10 ||    75
Evoke: Wand              |     4 |    12 |     6 ||    22
  Use: Potion            |     6 |     2 |       ||     8
 Stab: Sleeping          |     5 |     3 |     1 ||     9
       Invisible         |       |     1 |       ||     1
Armor: Leather armour    |    72 |    56 |    47 ||   175
Dodge: Dodged            |   150 |   113 |    75 ||   338

Levels and vault maps discovered:
D:1:      grunt_arrival_lava_bath, layout_basic,
          nicolae_ecumenical_snake_handling
D:2:      layout_loops_cross, serial_park_tiny_pond,
          chequers_serial_rivers_room_b
D:3:      layout_rooms, serial_shops, nicolae_shop_crystal, minivault_4
D:4:      layout_loops_corners
D:5:      layout_cave_pods, minmay_temple_entry_stoned_glass, uniq_eustachio,
          uniq_menkaure
D:6:      layout_basic, mainiacjoe_overflow_24_doors, serial_shops,
          nicolae_shop_advertising_works [nicolae_subvault_shop_adworks]
D:7:      layout_cave_pools, tso_oasis_becter, general_overflow_altar,
          serial_shops, nicolae_stop_n_shop_2
D:8:      layout_rooms, lemuel_tele_altar, david_lair_shrubbed
Temple:   nicolae_temple_figure_eight

Notes
Turn   | Place    | Note
-------+----------+-------------------------------------------
     0 | D:1      | spaghetti the Gnoll Artificer began the quest for the Orb.
     0 | D:1      | Reached XP level 1. HP: 17/17 MP: 1/1
     0 | D:1      | magus.rc [v1.9.6]
   174 | D:1      | Reached XP level 2. HP: 14/23 MP: 2/2
   805 | D:1      | Found a faded altar of an unknown god.
   982 | D:1      | Reached XP level 3. HP: 21/28 MP: 3/3
  1548 | D:1      | HP: 6/28 [quokka (4)]
  2264 | D:2      | Reached skill level 1 in Invocations
  3036 | D:2      | You pick up a book of Unlife and begin reading...
  3036 | D:2      | You add the spells Animate Dead, Borgnjor's Vile Clutch and
                  | Death Channel to your library.
  3246 | D:3      | Reached skill level 1 in Short Blades
  3246 | D:3      | Reached skill level 1 in Long Blades
  3246 | D:3      | Reached skill level 1 in Axes
  3246 | D:3      | Reached skill level 1 in Maces & Flails
  3246 | D:3      | Reached skill level 1 in Polearms
  3246 | D:3      | Reached skill level 1 in Staves
  3246 | D:3      | Reached skill level 1 in Slings
  3246 | D:3      | Reached skill level 1 in Bows
  3246 | D:3      | Reached skill level 1 in Crossbows
  3246 | D:3      | Reached skill level 1 in Throwing
  3246 | D:3      | Reached skill level 1 in Shields
  3246 | D:3      | Reached skill level 1 in Unarmed Combat
  3246 | D:3      | Reached skill level 1 in Spellcasting
  3488 | D:3      | Noticed a black bear
  3488 | D:3      | You fall into a shaft and drop 3 floors!
  3488 | D:6      | Noticed a gnoll sergeant
  3492 | D:6      | Reached XP level 4. HP: 34/34 MP: 5/5
  3493 | D:6      | Killed a gnoll sergeant
  3494 | D:6      | Reached skill level 1 in Conjurations
  3494 | D:6      | Reached skill level 1 in Hexes
  3494 | D:6      | Reached skill level 1 in Summonings
  3494 | D:6      | Reached skill level 1 in Necromancy
  3494 | D:6      | Reached skill level 1 in Translocations
  3494 | D:6      | Reached skill level 1 in Transmutations
  3494 | D:6      | Reached skill level 1 in Fire Magic
  3494 | D:6      | Reached skill level 1 in Ice Magic
  3494 | D:6      | Reached skill level 1 in Air Magic
  3494 | D:6      | Reached skill level 1 in Earth Magic
  3494 | D:6      | Reached skill level 1 in Poison Magic
  3494 | D:6      | Reached XP level 5. HP: 40/40 MP: 5/7
  3494 | D:6      | Noticed a centaur
  3511 | D:6      | Found Ifoaggyrr's Antique Armour Shoppe.
  3532 | D:6      | Noticed an orc warrior
  3538 | D:6      | Reached skill level 3 in Fighting
  3538 | D:6      | Reached skill level 3 in Dodging
  3538 | D:6      | Killed an orc warrior
  3539 | D:6      | Reached skill level 3 in Stealth
  3539 | D:6      | Reached skill level 2 in Invocations
  3539 | D:6      | Reached XP level 6. HP: 27/47 MP: 8/8
  3548 | D:5      | Entered Level 5 of the Dungeon
  3836 | D:4      | Reached skill level 5 in Armour
  4065 | D:4      | Reached skill level 2 in Short Blades
  4065 | D:4      | Reached skill level 2 in Long Blades
  4065 | D:4      | Reached skill level 2 in Axes
  4065 | D:4      | Reached skill level 2 in Maces & Flails
  4065 | D:4      | Reached skill level 2 in Polearms
  4065 | D:4      | Reached skill level 2 in Staves
  4065 | D:4      | Reached skill level 2 in Slings
  4065 | D:4      | Reached skill level 2 in Bows
  4065 | D:4      | Reached skill level 2 in Crossbows
  4065 | D:4      | Reached skill level 2 in Throwing
  4065 | D:4      | Reached skill level 2 in Shields
  4065 | D:4      | Reached skill level 2 in Unarmed Combat
  4065 | D:4      | Reached skill level 2 in Spellcasting
  4926 | D:4      | You pick up a book of Changes and begin reading...
  4926 | D:4      | You add the spells Beastly Appendage, Wereblood and Spider
                  | Form to your library.
  5363 | D:5      | Noticed Menkaure
  5374 | D:5      | Reached XP level 7. HP: 52/52 MP: 10/10
  5487 | D:5      | Killed Menkaure
  5488 | D:5      | Reached skill level 2 in Conjurations
  5488 | D:5      | Reached skill level 2 in Hexes
  5488 | D:5      | Reached skill level 2 in Summonings
  5488 | D:5      | Reached skill level 2 in Necromancy
  5488 | D:5      | Reached skill level 2 in Translocations
  5488 | D:5      | Reached skill level 2 in Transmutations
  5488 | D:5      | Reached skill level 2 in Fire Magic
  5488 | D:5      | Reached skill level 2 in Ice Magic
  5488 | D:5      | Reached skill level 2 in Air Magic
  5488 | D:5      | Reached skill level 2 in Earth Magic
  5488 | D:5      | Reached skill level 2 in Poison Magic
  5488 | D:5      | Reached skill level 7 in Evocations
  5704 | D:5      | Reached skill level 3 in Invocations
  5705 | D:5      | Identified the +5 spear of Qazlal's Indignation {vorpal,
                  | rPois}
  5927 | D:5      | You pick up a book of the Senses and begin reading...
  5927 | D:5      | You add the spells Dazzling Flash, Agony and Silence to
                  | your library.
  5943 | D:5      | Noticed Eustachio
  5957 | D:5      | Killed Eustachio
  5958 | D:5      | Reached skill level 4 in Fighting
  5958 | D:5      | Reached skill level 3 in Short Blades
  5958 | D:5      | Reached skill level 3 in Long Blades
  5958 | D:5      | Reached skill level 3 in Axes
  5958 | D:5      | Reached skill level 3 in Maces & Flails
  5958 | D:5      | Reached skill level 3 in Polearms
  5958 | D:5      | Reached skill level 3 in Staves
  5958 | D:5      | Reached skill level 3 in Slings
  5958 | D:5      | Reached skill level 3 in Bows
  5958 | D:5      | Reached skill level 3 in Crossbows
  5958 | D:5      | Reached skill level 3 in Throwing
  5958 | D:5      | Reached skill level 4 in Dodging
  5958 | D:5      | Reached skill level 3 in Shields
  5958 | D:5      | Reached skill level 3 in Unarmed Combat
  5958 | D:5      | Reached skill level 3 in Spellcasting
  5958 | D:5      | Reached XP level 8. HP: 46/60 MP: 12/12
  6066 | D:5      | Found a staircase to the Ecumenical Temple.
  6074 | Temple   | Entered the Ecumenical Temple
  6282 | Temple   | Became a worshipper of Cheibriados the Contemplative
  6740 | D:6      | Reached skill level 4 in Stealth
  6768 | D:6      | Found a shimmering altar of Xom.
  7749 | D:7      | Found Fom Vann's Antique Weapon Shop.
  7751 | D:7      | Noticed a troll
  7982 | D:8      | HP: 15/61 [troll (11)]
  7983 | D:8      | Killed a troll
  7984 | D:8      | Reached skill level 6 in Armour
  7984 | D:8      | Reached skill level 3 in Conjurations
  7984 | D:8      | Reached skill level 3 in Hexes
  7984 | D:8      | Reached skill level 3 in Summonings
  7984 | D:8      | Reached skill level 3 in Necromancy
  7984 | D:8      | Reached skill level 3 in Translocations
  7984 | D:8      | Reached skill level 3 in Transmutations
  7984 | D:8      | Reached skill level 3 in Fire Magic
  7984 | D:8      | Reached skill level 3 in Ice Magic
  7984 | D:8      | Reached skill level 3 in Air Magic
  7984 | D:8      | Reached skill level 3 in Earth Magic
  7984 | D:8      | Reached skill level 3 in Poison Magic
  7984 | D:8      | Reached skill level 4 in Invocations
  7984 | D:8      | Reached XP level 9. HP: 17/66 MP: 11/14
  7987 | D:8      | Killed from afar by an acid dragon

Vanquished Creatures
  A troll (D:8)
  Eustachio (D:5)
  A steam dragon (D:6)
  Menkaure (D:5)
  An ice beast (D:5)
  An orc warrior (D:6)
  A centaur (D:6)
  A phantom (D:5)
  A kobold brigand (D:8)
  A gnoll sergeant (D:6)
  4 orc priests
  6 hounds
  An iguana (D:5)
  2 orc wizards (D:5)
  2 adders (D:4)
  7 gnolls
  A white imp (D:6)
  An ufetubus (D:4)
  2 worms
  2 dart slugs (D:1)
  9 orcs
  11 ball pythons
  2 bats (D:1)
  8 endoplasms
  2 giant cockroaches
  2 hobgoblins
  4 jackals (D:1)
  11 kobolds
  6 quokkas
  2 frilled lizards
  2 goblins
  5 rats
102 creatures vanquished.

Vanquished Creatures (collateral kills)
  A gnoll (D:5)
1 creature vanquished.

Vanquished Creatures (others)
  A gnoll (D:5)
1 creature vanquished.

Grand Total: 104 creatures vanquished

Table legend:
 A = Non-vault XP
 B = Vault XP
 C = Vault XP percentage of total XP
 D = Non-vault monster count
 E = Vault monster count
 F = Vault count percentage of total count
                 A         B        C        D         E       F
            +---------+---------+-------+---------+---------+-------
      Total |    2023 |     382 |  15.9 |     100 |       3 |   2.9
            +---------+---------+-------+---------+---------+-------
        D:1 |      51 |       2 |   3.8 |      26 |       1 |   3.7
        D:2 |      16 |       0 |   0.0 |       9 |       0 |   0.0
        D:3 |       8 |       0 |   0.0 |       6 |       0 |   0.0
        D:4 |     152 |       0 |   0.0 |      19 |       0 |   0.0
        D:5 |     538 |     380 |  41.4 |      17 |       2 |  10.5
        D:6 |     799 |       0 |   0.0 |      15 |       0 |   0.0
        D:8 |     459 |       0 |   0.0 |       8 |       0 |   0.0
            +---------+---------+-------+---------+---------+-------

Illustrated notes

Table legend:
 A = Kills in this place as a percentage of kills in entire the game.
 B = Kills by you in this place as a percentage of kills by you in the entire game.
 C = Kills by friends in this place as a percentage of kills by friends in the entire game.
 D = Other kills in this place as a percentage of other kills in the entire game.
 E = Experience gained in this place as a percentage of experience gained in the entire game.
 F = Experience gained in this place divided by the number of levels of this place that you have seen.
                   A       B       C       D       E      F
               +-------+-------+-------+-------+-------+----------------------
         Total | 100.0 | 100.0 | 100.0 |   N/A | 100.0 | 267.2
       Dungeon | 100.0 | 100.0 | 100.0 |   N/A | 100.0 | 300.6
               +-------+-------+-------+-------+-------+----------------------

Table legend: (Time is in decaauts)
 A = Elapsed time spent in this place.
 B = Non-inter-level travel time spent in this place.
 C = Inter-level travel time spent in this place.
 D = Time resting spent in this place.
 E = Time spent auto-exploring this place.
 F = Levels seen in this place.
 G = Mean time per level.
                   A        B        C        D        E       F      G
               +--------+--------+--------+--------+--------+-----+--------+
         Total |   8380 |   8168 |    212 |   1220 |   5770 |   9 |  931.1 |
       Dungeon |   8159 |   7959 |    200 |   1220 |   5570 |   8 | 1019.9 |
        Temple |    221 |    209 |     12 |      0 |    200 |   1 |  221.0 |
               +--------+--------+--------+--------+--------+-----+--------+

Top non-repeatable levels by time:
     D:1: 2286 daAuts
     D:5: 1567 daAuts
     D:4: 1488 daAuts
     D:6: 1307 daAuts
     D:2: 958 daAuts
     D:3: 304 daAuts
     D:8: 235 daAuts
  Temple: 221 daAuts
     D:7: 12 daAuts
